 Dungeon Crawl Stone Soup version 0.17.1-3-g152610e (webtiles) character file.

142 Inkary the Chiller (level 5, -1/39 HPs)
             Began as a Demonspawn Ice Elementalist on Apr 12, 2016.
             Slain by an orc wizard
             ... wielding a +0 dagger
              (2 damage)
             ... on level 3 of the Dungeon.
             The game lasted 00:20:28 (2095 turns).

Inkary the Chiller (Demonspawn Ice Elementalist)    Turns: 2095, Time: 00:20:28

Health: -1/39      AC:  9    Str:  9    XL:     5   Next: 4%
Magic:  1/8        EV: 12    Int: 14    God:
Gold:   140        SH:  0    Dex: 13    Spells: 2 memorised, 4 levels left

rFire  . . .     SeeInvis .     h - +6 short sword (distort)
rCold  + . .     Clarity  .     p - +0 robe {rC+}
rNeg   . . .     SustAt   .     (no shield)
rPois  .         Gourm    .     f - +1 helmet
rElec  .         Spirit   .     (no cloak)
rCorr  .         Warding  .     (no gloves)
rMut   .         Stasis   .     (no boots)
MR     .....                    (no amulet)
Stlth  +++.......               (no ring)
                                q - -3 ring of intelligence (curse)

@: icy armour, not resistant to hostile enchantments, fairly stealthy
A: hooves 1, demonic guardian 1, nightstalker 1
a: no special abilities


You were on level 3 of the Dungeon.
You were not hungry.

You visited 1 branch of the dungeon, and saw 3 of its levels.

You collected 140 gold pieces.

Inventory:

Hand Weapons
 h - a +6 short sword of distortion (weapon)
Armour
 f - a +1 helmet (worn)
 p - a +0 robe of cold resistance (worn)
Jewellery
 q - a cursed -3 ring of intelligence (left hand)
Scrolls
 i - a scroll of fear
 m - a scroll of teleportation
Potions
 d - a potion of might {unknown}
 e - a potion of resistance {unknown}
 g - 2 potions of lignification
 k - 3 potions of heal wounds {unknown}
 r - a potion of invisibility {unknown}
Books
 b - a book of Frost

   Spells                             Type                      Level
   a - Freeze                         Ice                          1
   b - Throw Frost                    Conjuration/Ice              2
   c - Ozocubu's Armour               Charms/Ice                   3
   d - Throw Icicle                   Conjuration/Ice              4
   e - Summon Ice Beast               Ice/Summoning                4
   f - Condensation Shield            Ice                          4
Comestibles
 c - 5 bread rations
 j - a beef jerky
 l - 3 fruits
 o - 4 chunks of flesh


   Skills:
 * Level 2.5 Fighting
 - Level 2.1 Dodging
 - Level 2.4 Stealth
 - Level 2.4 Spellcasting
   Level 1.0 Conjurations
 + Level 1.5 Charms
 - Level 3.2 Ice Magic


You had 4 spell levels left.
You knew the following spells:

 Your Spells              Type           Power        Failure   Level  Hunger
a - Freeze                Ice            ##..         10%         1    #......
b - Ozocubu's Armour      Chrm/Ice       #.......     30%         3    ###....


Dungeon Overview and Level Annotations

Branches:
Dungeon (3/15)

Altars:
Makhleb
Okawaru
Sif Muna
Vehumet
Xom


Innate Abilities, Weirdness & Mutations

You have large cloven feet.
A weak demonic guardian rushes to your aid.
You are slightly more attuned to the shadows.


Message History

You closely miss something. You kick something.
You hear some strange, mumbled words.
A puff of flame appears from out of thin air!
The puff of flame hits you! Something hits you. The heat melts your icy armour.
Something hits you.
Casting: Freeze
Confirm with . or Enter, or press ? or * to list all spells.
Your icy armour thickens.
Something hits you.
* * * LOW HITPOINT WARNING * * *
Something hits you.
* * * LOW HITPOINT WARNING * * *
Something hits you but does no damage.
You hear some strange, mumbled words.
A puff of flame appears from out of thin air!
The puff of flame hits you!
* * * LOW HITPOINT WARNING * * *
The heat melts your icy armour. Something barely misses you.
Something hits you.
You die...

.#* #######
..##########.....##
.........##...(...##
#.....##.#....(....#
#####.##...........#
### #..###.........#
..####<............#
#..###.............#
........^.#...5.@.##
.#.#######.........#
##...#####.........#
####....##.........#
.....##............#
####....##.........#
,* ####...........##
#* ######.....## *
###..#### ######


You could see a friendly white imp.

Vanquished Creatures
  A crimson imp (D:3)
  5 adders
  4 worms
  2 giant geckos
  An orc (D:3)
  3 giant cockroaches
  11 jackals
  2 bats
  2 giant newts
  6 goblins
  6 kobolds
  A quokka (D:3)
  10 rats
54 creatures vanquished.

Vanquished Creatures (others)
  An orc (D:3)
1 creature vanquished.

Grand Total: 55 creatures vanquished

Notes
Turn   | Place    | Note
--------------------------------------------------------------
     0 | D:1      | Inkary the Demonspawn Ice Elementalist began the quest for the Orb.
     0 | D:1      | Reached XP level 1. HP: 13/13 MP: 3/3
   307 | D:1      | Gained mutation: You are slightly more attuned to the shadows. [demonic ancestry]
   307 | D:1      | Reached XP level 2. HP: 16/19 MP: 0/5
   698 | D:2      | Reached skill level 3 in Ice Magic
  1118 | D:2      | Gained mutation: You have large cloven feet. [demonic ancestry]
  1118 | D:2      | Reached XP level 3. HP: 24/24 MP: 6/6
  1129 | D:2      | Learned a level 3 spell: Ozocubu's Armour
  1307 | D:2      | Found an iron altar of Okawaru.
  1398 | D:2      | Found a deep blue altar of Sif Muna.
  1549 | D:3      | Found a shimmering altar of Xom.
  1549 | D:3      | Found a burning altar of Makhleb.
  1552 | D:3      | Reached skill level 1 in Fighting
  1552 | D:3      | Reached XP level 4. HP: 29/33 MP: 7/7
  1621 | D:3      | Reached skill level 1 in Charms
  1777 | D:3      | Found a radiant altar of Vehumet.
  1987 | D:3      | Gained mutation: A weak demonic guardian rushes to your aid. [demonic ancestry]
  1987 | D:3      | Reached XP level 5. HP: 20/39 MP: 1/8
  2094 | D:3      | HP: 1/39 [something/puff of flame (7)]
  2095 | D:3      | Slain by an orc wizard

Action                   |  1- 3 |  4- 6 || total
-------------------------+-------+-------++-------
Melee: Short sword       |    31 |    28 ||    59
       Unarmed           |     2 |       ||     2
 Cast: Freeze            |    26 |    24 ||    50
       Ozocubu's Armour  |     1 |     5 ||     6
  Use: Scroll            |     4 |     5 ||     9
 Stab: Sleeping          |    11 |     4 ||    15
  Eat: Chunk             |     2 |     3 ||     5
